 Dungeon Crawl Stone Soup version 0.29.1-15-g9cfb28693d (webtiles) character file.

Game seed: 12524062328145929259

340 Heoruswealwe the Magician (level 6, -4/29 (32) HPs)
             Began as a Deep Elf Earth Elementalist on Apr 24, 2023.
             Slain by a hell rat (7 damage)
             ... in a sewer.
             The game lasted 00:29:36 (2593 turns).

Heoruswealwe the Magician (DEEE)                    Turns: 2593, Time: 00:29:37

HP:   -4/29 (32)    AC:  3    Str:  5    XL:     6   Next: 30%
MP:   8/17          EV: 13    Int: 22    God:
Gold: 197           SH:  0    Dex: 21    Spells: 8/18 levels left

rFire   . . .      SeeInvis .   b - +0 war axe
rCold   . . .      Faith    .   (no shield)
rNeg    . . .      Spirit   .   c - +0 robe
rPois   .          Reflect  .   (no helmet)
rElec   .          Harm     .   h - +0 cloak
rCorr   .          Rampage  .   (no gloves)
Will    .....                   (no boots)
Stlth   ++........              (no amulet)
HPRegen 0.09/turn               k - +6 ring of dexterity
MPRegen 0.15/turn               (no ring)

@: drained
A: no striking features
a: no special abilities


You were in a sewer.
You visited 1 branch of the dungeon, and saw 4 of its levels.
You also visited: Sewer.

You collected 197 gold pieces.

Inventory:

Hand Weapons
 b - a +0 war axe (weapon)
Armour
 a - a +0 robe
 c - a +0 robe (worn)
 g - a +0 robe
 h - a +0 cloak (worn)
 x - a +0 robe
 z - a +2 robe of cold resistance
 B - a +0 robe
Jewellery
 k - a +6 ring of dexterity (left hand)
Wands
 s - a wand of flame (4)
Scrolls
 e - a scroll of summoning {unknown}
 i - a scroll of torment {unknown}
 q - a scroll of identify {unknown}
 r - a scroll of poison {unknown}
 t - a scroll of amnesia {unknown}
 v - a scroll of butterflies {unknown}
 y - a scroll of fear {unknown}
 A - a scroll of blinking {unknown}
 C - a scroll of magic mapping {unknown}
Potions
 d - 2 potions of degeneration {unknown}
 f - a potion of magic
 j - a potion of might {unknown}
 l - 2 potions of lignification {unknown}
 m - 2 potions of mutation {unknown}
 n - a potion of brilliance {unknown}
 o - a potion of heal wounds {unknown}
 p - 2 potions of attraction {unknown}
 u - a potion of flight {unknown}
 w - a potion of curing {unknown}


   Skills:
 - Level 2.4 Dodging
 - Level 2.4 Stealth
 + Level 6.6 Spellcasting
 - Level 1.1 Transmutations
 + Level 6.0 Earth Magic


You had 8 spell levels left.
You knew the following spells:

 Your Spells              Type           Power      Damage    Failure   Level
a - Sandblast             Erth           66%        2d15      1%          1
b - Stone Arrow           Conj/Erth      40%        3d9       8%          3
c - Petrify               Tmut/Erth      23%        N/A       21%         4
z - Passwall              Tmut/Erth      19%        N/A       3%          2

Your spell library contained the following spells:

 Spells                   Type           Power      Damage    Failure   Level
 Slow                     Hex            28%        N/A       9%          1
 Poisonous Vapours        Pois/Air       14%        N/A       13%         2
 Ignite Poison            Fire/Tmut/Pois 8%         N/A       22%         3
 Confusing Touch          Hex            7%         N/A       26%         3
 Conjure Flame            Conj/Fire      7%         6-21      26%         3
 Portal Projectile        Hex/Tloc       14%        N/A       26%         3
 Tukima's Dance           Hex            7%         N/A       26%         3
 Vampiric Draining        Necr           7%         2d6       26%         3
 Corpse Rot               Necr/Pois/Air  7%         N/A       65%         4
 Passage of Golubria      Tloc           7%         N/A       65%         4
 Sticky Flame             Conj/Fire      7%         2d3       65%         4
 Blade Hands              Tmut           6%         N/A       83%         5
 Silence                  Hex/Air        3%         N/A       94%         5
 Lehudib's Crystal Spear  Conj/Erth      10%        10d4      100%        8


Dungeon Overview and Level Annotations

Branches:
Dungeon (4/15)              Sewer (1/1)
 Temple: D:4-7

Altars:
Dithmenos
Hepliaklqana
Ru
Wu Jian


Message History

Moving in this stuff is going to be slow.
A rat comes into view.
A rat comes into view.
You enter the shallow water.
Moving in this stuff is going to be slow.
A rat comes into view.
The blast of sand hits the rat!
You kill the rat!
The blast of sand hits the rat!
You kill the rat!
The blast of sand hits the rat!
You kill the rat!
You see here a rat corpse.
You enter the shallow water.
Moving in this stuff is going to be slow.
You enter the shallow water.
Moving in this stuff is going to be slow.
You enter the shallow water.
Moving in this stuff is going to be slow.
You enter the shallow water.
Moving in this stuff is going to be slow.
You see here a rat corpse.
You open the door.
A hell rat comes into view.
Found six items.
Found a gate leading back out of this place.
The blast of sand misses the hell rat.
The blast of sand misses the hell rat.
The hell rat bites you!
You feel drained. The hell rat closely misses you. x2
You see here a rat corpse.
The blast of sand hits the hell rat.
The hell rat is moderately wounded.
The hell rat closely misses you.
The hell rat bites you but does no damage.
The blast of sand misses the hell rat.
The hell rat barely misses you. The hell rat bites you!
* * * LOW HITPOINT WARNING * * *
You feel drained.
You die...

##~~~.~..##
#~†.###.~.#
##~~##~##~.##
#.~~#~~.#.~~#
#~~##?.~##~~#
#.~#?$~~.#~~#
#∩∩#∩?~~~'~†#
#~.#!!~~~#r~#
#.~##?.~##~@#
#~~~#.~ #...#
##.†## ##~.##
#...###..~#
##~...~~.##
#~...~.~#
###~~~###
#####


You could see a hell rat.

Vanquished Creatures
  A phantom (D:4)
  Jessica (D:2)
  Ijyb (D:3)
  An orc wizard (D:4)
  4 gnolls (D:2)
  3 adders
  2 river rats
  A dart slug (D:2)
  3 worms
  4 orcs
  9 endoplasms
  7 giant cockroaches
  4 goblins
  6 hobgoblins
  11 kobolds
  6 quokkas
  7 ball pythons
  6 bats
  13 frilled lizards
  16 rats
106 creatures vanquished.

Vanquished Creatures (others)
  2 fungi (D:1)
  11 plants
13 creatures vanquished.

Grand Total: 119 creatures vanquished

Notes
Turn   | Place    | Note
-------+----------+-------------------------------------------
     0 | D:1      | Heoruswealwe the Deep Elf Earth Elementalist began the
                  | quest for the Orb.
     0 | D:1      | Reached XP level 1. HP: 10/10 MP: 6/6
   182 | D:1      | Reached XP level 2. HP: 15/15 MP: 5/8
   237 | D:1      | Learned a level 2 spell: Passwall
   662 | D:2      | Noticed Jessica
   666 | D:2      | Killed Jessica
   667 | D:2      | Reached XP level 3. HP: 19/19 MP: 5/10
   798 | D:2      | Learned a level 3 spell: Stone Arrow
   827 | D:2      | Found a faded altar of an unknown god.
   835 | D:2      | Prayed at the altar of an unknown god.
   835 | D:2      | Became a worshipper of Ru the Awakened
   844 | D:2      | Fell from the grace of Ru
   932 | D:2      | Found a shadowy altar of Dithmenos.
   947 | D:2      | Reached XP level 4. HP: 24/24 MP: 8/12
  1191 | D:2      | Reached skill level 5 in Spellcasting
  1308 | D:3      | Reached skill level 5 in Earth Magic
  1442 | D:3      | Reached XP level 5. HP: 28/28 MP: 12/14
  1474 | D:3      | Noticed Ijyb
  1483 | D:3      | Killed Ijyb
  1675 | D:3      | Learned a level 4 spell: Petrify
  1703 | D:3      | Found an ornate altar of the Wu Jian Council.
  2031 | D:3      | Found a hazy altar of Hepliaklqana.
  2150 | D:4      | Noticed a phantom
  2332 | D:4      | Found a sacrificial altar of Ru.
  2449 | D:4      | Killed a phantom
  2450 | D:4      | Reached XP level 6. HP: 25/32 MP: 11/17
  2526 | D:4      | Found a glowing drain.
  2536 | Sewer    | Entered a sewer
  2593 | Sewer    | Slain by a hell rat

Illustrated notes

Levels and vault maps discovered:
D:1:      tarquinn_simple_flora_water_d, layout_loops_ring
D:2:      layout_loops_ring, shapermc_ecumenical_altar_totnotflames,
          basic_altar, item_on_display_a, uniq_jessica
D:3:      layout_basic, mainiacjoe_overflow_alcove_1, nzn_wu_jian_contemplation,
          minmay_misc_feat_columns, chequers_mini_garden, minmay_lizard_king,
          uniq_ijyb
D:4:      kennysheep_big_flooded_room, layout_loops_ring,
          mainiacjoe_overflow_small_starburst, portal_sewer_entry_e,
          corexii_leaking_fountain
Sewer:    sewer_hellmonk_bad_rat

Skill      XL: |  1  2  3  4  5  6 |
---------------+-------------------+-----
Spellcasting   | 4 5 6 |  6.6
Earth Magic    | 4 5 6 |  6.0
Dodging        | |  2.4
Stealth        | |  2.4
Transmutations | |  1.1

Action                   |  1- 3 |  4- 6 || total
-------------------------+-------+-------++-------
Melee: Unarmed           |    32 |       ||    32
       Punch             |     2 |       ||     2
       War axe           |       |     4 ||     4
 Cast: Sandblast         |    44 |   102 ||   146
Invok: Renounce Religion |     1 |       ||     1
  Use: Scroll            |     1 |       ||     1
Armor: Robe              |     3 |     7 ||    10
Dodge: Dodged            |     6 |    17 ||    23
